2139 views
Uploaded 2022-04-15 16:48:47
Game version 1.32.2
40:12 long 3on3 ladder game on (6)TimbermawHold
Saved by GIGA
2139 views
Uploaded 2022-04-15 16:48:47
Game version 1.32.2
40:12 long 3on3 ladder game on (6)TimbermawHold


85 units @ 7.8k
/ 1.1k
166 buildings @ 12.2k
/ 6.7k


| Peasant | 13 | 975 | / | 0 |
| Flying Machine | 24 | 2400 | / | 720 |
| Mortar Team | 3 | 540 | / | 210 |
| total: | 40 | 3915g | / | 930w |
| Scout Tower | 29 | 870 | / | 580 |
| Arcane Tower | 1 | 70 | / | 50 |
| Guard Tower | 11 | 770 | / | 550 |
| Altar of Kings | 1 | 180 | / | 50 |
| Farm | 16 | 1280 | / | 320 |
| Lumber Mill | 1 | 120 | / | 0 |
| Blacksmith | 1 | 140 | / | 60 |
| Workshop | 3 | 420 | / | 420 |
| Keep | 1 | 320 | / | 210 |
| Castle | 1 | 360 | / | 210 |
| total: | 51 | 3010g | / | 1430w |
| 0:02 | Peasant |
| 0:05 | Altar of Kings |
| 0:08 | Peasant |
| 0:18 | Peasant |
| 0:22 | Farm |
| 0:23 | Peasant |
| 0:28 | Peasant |
| 0:37 | Scout Tower |
| 0:42 | Scout Tower |
| 0:46 | Peasant |
| 0:54 | Peasant |
| 0:59 | Peasant |
| 1:12 | Peasant |
| 1:24 | Arcane Tower |
| 1:27 | Peasant |
| 1:57 | Scout Tower |
| 1:59 | Scout Tower |
| 2:01 | Scout Tower |
| 2:04 | Scout Tower |
| 2:05 | Scout Tower |
| 2:08 | Peasant |
| 2:11 | Storm Bolt |
| 2:16 | Lumber Mill |
| 2:32 | Peasant |
| 2:35 | Farm |
| 2:37 | Farm |
| 3:01 | Peasant |
| 3:16 | Farm |
| 3:27 | Guard Tower |
| 3:35 | Guard Tower |
| 4:16 | Keep |
| 4:25 | Improved Masonry |
| 4:54 | Scout Tower |
| 4:54 | Scout Tower |
| 4:56 | Scout Tower |
| 4:57 | Scout Tower |
| 4:59 | Scout Tower |
| 5:37 | Guard Tower |
| 5:41 | Scout Tower |
| 5:42 | Scout Tower |
| 5:42 | Scout Tower |
| 5:45 | Guard Tower |
| 5:52 | Farm |
| 6:21 | Guard Tower |
| 6:24 | Scout Tower |
| 6:24 | Scout Tower |
| 6:25 | Scout Tower |
| 6:26 | Scout Tower |
| 6:34 | Farm |
| 6:54 | Castle |
| 6:58 | Improved Lumber Harvesting |
| 6:59 | Advanced Masonry |
| 7:12 | Guard Tower |
| 7:33 | Guard Tower |
| 7:43 | Farm |
| 8:19 | Blacksmith |
| 8:47 | Guard Tower |
| 9:01 | Workshop |
| 9:03 | Workshop |
| 9:06 | Workshop |
| 9:30 | Black Gunpowder |
| 9:31 | Iron Plating |
| 9:36 | Farm |
| 10:13 | Holy Light |
| 10:25 | Fragmentation Shards |
| 10:25 | Flying Machine Bombs |
| 10:26 | Flak Cannons |
| 10:26 | Flare |
| 11:01 | Refined Gunpowder |
| 11:25 | Farm |
| 11:27 | Farm |
| 11:28 | Farm |
| 11:29 | Farm |
| 11:45 | Flying Machine |
| 11:45 | Flying Machine |
| 11:45 | Flying Machine |
| 11:45 | Flying Machine |
| 11:45 | Flying Machine |
| 11:54 | Farm |
| 11:55 | Farm |
| 12:18 | Farm |
| 12:20 | Farm |
| 12:29 | Mortar Team |
| 14:12 | Flying Machine |
| 14:12 | Flying Machine |
| 14:12 | Flying Machine |
| 14:12 | Flying Machine |
| 14:13 | Flying Machine |
| 14:13 | Flying Machine |
| 14:13 | Flying Machine |
| 15:18 | Flying Machine |
| 15:18 | Flying Machine |
| 15:18 | Flying Machine |
| 15:18 | Flying Machine |
| 16:13 | Flying Machine |
| 16:13 | Flying Machine |
| 16:32 | Flying Machine |
| 16:32 | Flying Machine |
| 17:51 | Divine Shield |
| 17:52 | Divine Shield |
| 19:09 | Flying Machine |
| 22:04 | Storm Bolt |
| 22:44 | Storm Bolt |
| 23:46 | Imbued Gunpowder |
| 23:47 | Steel Plating |
| 25:12 | Mortar Team |
| 25:13 | Mortar Team |
| 30:10 | Bash |
| 33:56 | Storm Bolt |
| 33:58 | Storm Bolt |
| 34:00 | Divine Shield |
| 35:05 | Holy Light |
| 35:59 | Scout Tower |
| 36:00 | Scout Tower |
| 36:01 | Scout Tower |
| 36:02 | Scout Tower |
| 36:03 | Scout Tower |
| 36:04 | Scout Tower |
| 36:05 | Scout Tower |
| 36:22 | Flying Machine |
| 36:22 | Flying Machine |
| 37:09 | Guard Tower |
| 37:21 | Guard Tower |
| 37:24 | Scout Tower |
| 37:26 | Scout Tower |
| 38:15 | Guard Tower |
| 38:18 | Scout Tower |
| 38:26 | Flying Machine |
| Right click | 1878 |
| Select group | 519 |
| Select | 333 |
| Use ability | 117 |
| Build/train/purchase | 96 |
| Misc. action | 49 |
| Assign group | 9 |
| Esc | 9 |
| Resource trade | 6 |
starogre
(3)
(39:26) : 
| Healing Salve | 4 | 400 |
| Lesser Clarity Potion | 6 | 420 |
| Scroll of Speed | 1 | 50 |
| Potion of Mana | 5 | 1000 |
| Orb of Lightning | 1 | 375 |
| Tiny Great Hall | 1 | 600 |
| Boots of Speed | 1 | 250 |
| Periapt of Vitality | 1 | 325 |
| Circlet of Nobility | 1 | 175 |
| Staff of Teleportation | 1 | 150 |
| Potion of Lesser Invulnerability | 1 | 150 |
| total: | 23 | 3895g |
| Peon | 27 | 2025 | / | 0 |
| total: | 27 | 2025g | / | 0w |
| Watch Tower | 36 | 3960 | / | 2880 |
| Altar of Storms | 1 | 180 | / | 50 |
| Orc Burrow | 3 | 480 | / | 120 |
| Voodoo Lounge | 3 | 390 | / | 90 |
| War Mill | 1 | 205 | / | 0 |
| Great Hall | 1 | 385 | / | 185 |
| Stronghold | 1 | 315 | / | 190 |
| Fortress | 2 | 650 | / | 380 |
| total: | 45 | 5600g | / | 3325w |
| 0:02 | Peon |
| 0:06 | Altar of Storms |
| 0:08 | Orc Burrow |
| 0:12 | Peon |
| 0:26 | Peon |
| 0:34 | Peon |
| 0:56 | Voodoo Lounge |
| 1:03 | Peon |
| 1:10 | Peon |
| 1:32 | War Mill |
| 1:34 | Peon |
| 1:42 | Orc Burrow |
| 2:04 | Peon |
| 2:06 | Wind Walk |
| 2:09 | Healing Salve |
| 2:10 | Lesser Clarity Potion |
| 2:10 | Lesser Clarity Potion |
| 2:10 | Scroll of Speed |
| 2:17 | Peon |
| 2:56 | Stronghold |
| 3:34 | Spiked Barricades |
| 4:37 | Boots of Speed |
| 4:41 | Periapt of Vitality |
| 4:43 | Circlet of Nobility |
| 4:55 | Watch Tower |
| 6:02 | Peon |
| 6:03 | Peon |
| 6:03 | Peon |
| 6:04 | Improved Spiked Barricades |
| 6:04 | Reinforced Defenses |
| 6:09 | Watch Tower |
| 6:58 | Fortress |
| 7:24 | Watch Tower |
| 7:31 | Watch Tower |
| 7:36 | Orc Burrow |
| 8:19 | Watch Tower |
| 8:28 | Potion of Mana |
| 8:31 | Lesser Clarity Potion |
| 8:31 | Healing Salve |
| 8:45 | Staff of Teleportation |
| 8:50 | Potion of Lesser Invulnerability |
| 9:01 | Watch Tower |
| 9:04 | Watch Tower |
| 10:28 | Peon |
| 10:29 | Peon |
| 10:29 | Peon |
| 10:37 | Watch Tower |
| 10:39 | Watch Tower |
| 11:14 | Critical Strike |
| 11:33 | Orb of Lightning |
| 11:37 | Tiny Great Hall |
| 12:04 | Watch Tower |
| 12:05 | Watch Tower |
| 12:06 | Watch Tower |
| 12:07 | Watch Tower |
| 12:09 | Peon |
| 12:09 | Peon |
| 12:12 | Watch Tower |
| 12:13 | Watch Tower |
| 12:13 | Watch Tower |
| 12:16 | Watch Tower |
| 12:19 | Watch Tower |
| 12:23 | Watch Tower |
| 12:32 | Potion of Mana |
| 12:34 | Lesser Clarity Potion |
| 12:40 | Watch Tower |
| 12:48 | Watch Tower |
| 13:45 | Peon |
| 13:46 | Peon |
| 14:23 | Watch Tower |
| 14:27 | Watch Tower |
| 14:36 | Voodoo Lounge |
| 14:43 | Voodoo Lounge |
| 14:48 | Watch Tower |
| 14:51 | Watch Tower |
| 14:58 | Healing Salve |
| 15:01 | Potion of Mana |
| 15:21 | Potion of Mana |
| 15:56 | Peon |
| 15:56 | Peon |
| 17:04 | Watch Tower |
| 17:05 | Watch Tower |
| 18:29 | Wind Walk |
| 18:53 | Peon |
| 18:53 | Peon |
| 18:54 | Peon |
| 19:08 | Watch Tower |
| 19:10 | Watch Tower |
| 19:22 | Critical Strike |
| 19:48 | Peon |
| 19:48 | Peon |
| 19:49 | Peon |
| 19:54 | Watch Tower |
| 19:55 | Watch Tower |
| 19:55 | Watch Tower |
| 20:13 | Watch Tower |
| 20:14 | Watch Tower |
| 20:39 | Watch Tower |
| 20:41 | Watch Tower |
| 21:34 | Great Hall |
| 21:57 | Lesser Clarity Potion |
| 24:26 | Holy Light |
| 24:33 | Holy Light |
| 25:31 | Potion of Mana |
| 25:33 | Lesser Clarity Potion |
| 25:47 | Wind Walk |
| 27:11 | Healing Salve |
| 32:49 | Critical Strike |
| 34:41 | Bladestorm |
| 39:22 | Mirror Image |
| Right click | 3333 |
| Select group | 477 |
| Select | 381 |
| Build/train/purchase | 188 |
| Resource trade | 64 |
| Use ability | 18 |
| Minimap ping | 17 |
| Misc. action | 11 |
| Item give/drop | 9 |
| Assign group | 7 |
| Esc | 5 |
GIGA
(207)
(39:26) : 

| Peasant | 14 | 1050 | / | 0 |
| Dragonhawk Rider | 4 | 800 | / | 120 |
| total: | 18 | 1850g | / | 120w |
| Scout Tower | 58 | 1740 | / | 1160 |
| Arcane Tower | 1 | 70 | / | 50 |
| Guard Tower | 18 | 1260 | / | 900 |
| Altar of Kings | 1 | 180 | / | 50 |
| Farm | 6 | 480 | / | 120 |
| Lumber Mill | 1 | 120 | / | 0 |
| Arcane Vault | 1 | 130 | / | 30 |
| Town Hall | 2 | 770 | / | 410 |
| Gryphon Aviary | 1 | 140 | / | 150 |
| Keep | 1 | 320 | / | 210 |
| Castle | 1 | 360 | / | 210 |
| total: | 70 | 3560g | / | 1920w |
| 0:04 | Peasant |
| 0:04 | Peasant |
| 0:24 | Altar of Kings |
| 0:27 | Farm |
| 0:30 | Peasant |
| 0:36 | Peasant |
| 0:50 | Peasant |
| 0:55 | Scout Tower |
| 1:03 | Peasant |
| 1:03 | Peasant |
| 1:22 | Peasant |
| 1:36 | Arcane Tower |
| 1:39 | Farm |
| 1:41 | Peasant |
| 1:50 | Peasant |
| 2:03 | Peasant |
| 2:32 | Peasant |
| 2:35 | Lumber Mill |
| 2:43 | Peasant |
| 2:52 | Scout Tower |
| 2:54 | Scout Tower |
| 2:55 | Scout Tower |
| 2:56 | Scout Tower |
| 3:09 | Storm Bolt |
| 3:24 | Peasant |
| 3:34 | Scout Tower |
| 3:35 | Scout Tower |
| 3:36 | Scout Tower |
| 3:38 | Scout Tower |
| 3:53 | Keep |
| 4:00 | Scout Tower |
| 4:01 | Scout Tower |
| 4:08 | Scout Tower |
| 4:11 | Guard Tower |
| 4:21 | Guard Tower |
| 4:23 | Guard Tower |
| 4:27 | Scout Tower |
| 4:30 | Scout Tower |
| 4:45 | Scout Tower |
| 4:49 | Scout Tower |
| 4:50 | Scout Tower |
| 5:07 | Improved Masonry |
| 5:18 | Guard Tower |
| 5:40 | Guard Tower |
| 5:45 | Scout Tower |
| 5:46 | Scout Tower |
| 6:07 | Scout Tower |
| 6:08 | Scout Tower |
| 6:16 | Guard Tower |
| 6:22 | Scout Tower |
| 6:23 | Scout Tower |
| 6:42 | Guard Tower |
| 6:50 | Scout Tower |
| 6:53 | Scout Tower |
| 6:57 | Scout Tower |
| 7:02 | Scout Tower |
| 7:07 | Improved Lumber Harvesting |
| 7:13 | Farm |
| 7:27 | Scout Tower |
| 7:27 | Scout Tower |
| 7:41 | Guard Tower |
| 8:20 | Scout Tower |
| 8:39 | Advanced Masonry |
| 8:54 | Scout Tower |
| 8:55 | Scout Tower |
| 9:33 | Holy Light |
| 9:35 | Guard Tower |
| 10:01 | Guard Tower |
| 10:32 | Scout Tower |
| 10:36 | Scout Tower |
| 10:41 | Scout Tower |
| 10:42 | Scout Tower |
| 10:47 | Guard Tower |
| 11:11 | Guard Tower |
| 11:25 | Bash |
| 11:26 | Bash |
| 11:51 | Scout Tower |
| 11:53 | Scout Tower |
| 11:58 | Scout Tower |
| 11:59 | Scout Tower |
| 12:01 | Guard Tower |
| 12:15 | Castle |
| 12:29 | Guard Tower |
| 12:38 | Scout Tower |
| 15:38 | Guard Tower |
| 15:41 | Scout Tower |
| 15:42 | Scout Tower |
| 15:43 | Scout Tower |
| 15:57 | Scout Tower |
| 16:39 | Arcane Vault |
| 16:42 | Gryphon Aviary |
| 16:47 | Farm |
| 16:54 | Guard Tower |
| 16:57 | Scout Tower |
| 16:58 | Scout Tower |
| 16:59 | Scout Tower |
| 17:04 | Scout Tower |
| 19:21 | Dragonhawk Rider |
| 19:21 | Dragonhawk Rider |
| 20:07 | Cloud |
| 21:39 | Farm |
| 21:39 | Farm |
| 22:56 | Dragonhawk Rider |
| 23:18 | Dragonhawk Rider |
| 26:04 | Divine Shield |
| 26:12 | Bash |
| 33:48 | Town Hall |
| 33:53 | Scout Tower |
| 33:54 | Scout Tower |
| 35:44 | Town Hall |
| 37:23 | Guard Tower |
| 37:25 | Scout Tower |
| 37:27 | Scout Tower |
| 37:31 | Scout Tower |
| 37:51 | Scout Tower |
| 37:54 | Scout Tower |
| 38:04 | Guard Tower |
| 38:08 | Scout Tower |
| 38:12 | Scout Tower |
| Right click | 1881 |
| Select group | 1446 |
| Select | 520 |
| Build/train/purchase | 61 |
| Resource trade | 55 |
| Use ability | 40 |
| Minimap ping | 24 |
| Assign group | 20 |
208 units @ 27.5k
/ 4.2k
117 buildings @ 15.7k
/ 8.7k
⇛
Noobshield
(3)
(39:19) : 

x1)
| Scroll of Healing | 5 | 1250 |
| Scroll of Town Portal | 3 | 1050 |
| Tome of Retraining | 1 | 300 |
| Potion of Lesser Invulnerability | 4 | 600 |
| Circlet of Nobility | 1 | 175 |
| Boots of Speed | 1 | 250 |
| total: | 15 | 3625g |
| Peasant | 23 | 1725 | / | 0 |
| Footman | 8 | 1080 | / | 0 |
| Rifleman | 4 | 820 | / | 120 |
| Priest | 4 | 540 | / | 40 |
| Mortar Team | 9 | 1620 | / | 630 |
| Flying Machine | 15 | 1500 | / | 450 |
| total: | 63 | 7285g | / | 1240w |
| Scout Tower | 17 | 510 | / | 340 |
| Arcane Tower | 1 | 70 | / | 50 |
| Guard Tower | 17 | 1190 | / | 850 |
| Altar of Kings | 1 | 180 | / | 50 |
| Barracks | 1 | 160 | / | 60 |
| Farm | 8 | 640 | / | 160 |
| Lumber Mill | 1 | 120 | / | 0 |
| Blacksmith | 1 | 140 | / | 60 |
| Town Hall | 2 | 770 | / | 410 |
| Arcane Sanctum | 1 | 150 | / | 140 |
| Workshop | 2 | 280 | / | 280 |
| Keep | 1 | 320 | / | 210 |
| Castle | 2 | 720 | / | 420 |
| total: | 34 | 2950g | / | 1500w |
| 0:04 | Peasant |
| 0:04 | Peasant |
| 0:07 | Altar of Kings |
| 0:20 | Barracks |
| 0:29 | Peasant |
| 0:36 | Farm |
| 0:39 | Peasant |
| 0:47 | Peasant |
| 0:54 | Farm |
| 0:58 | Peasant |
| 1:18 | Peasant |
| 1:23 | Footman |
| 1:30 | Farm |
| 1:43 | Footman |
| 1:43 | Footman |
| 1:51 | Peasant |
| 2:04 | Footman |
| 2:04 | Footman |
| 2:04 | Footman |
| 2:11 | Summon Water Elemental |
| 2:41 | Keep |
| 3:56 | Footman |
| 4:14 | Lumber Mill |
| 4:19 | Blacksmith |
| 4:42 | Scout Tower |
| 4:43 | Footman |
| 4:53 | Brilliance Aura |
| 5:53 | Rifleman |
| 5:56 | Arcane Sanctum |
| 5:57 | Farm |
| 6:11 | Long Rifles |
| 6:16 | Improved Lumber Harvesting |
| 6:16 | Advanced Lumber Harvesting |
| 6:18 | Arcane Tower |
| 6:43 | Summon Water Elemental |
| 6:53 | Farm |
| 6:54 | Rifleman |
| 7:23 | Black Gunpowder |
| 7:32 | Priest |
| 7:32 | Priest |
| 7:36 | Storm Bolt |
| 8:00 | Rifleman |
| 8:28 | Workshop |
| 9:14 | Priest |
| 9:14 | Priest |
| 9:20 | Workshop |
| 9:22 | Farm |
| 9:24 | Peasant |
| 9:24 | Peasant |
| 9:45 | Farm |
| 9:47 | Mortar Team |
| 9:56 | Castle |
| 9:59 | Bash |
| 9:59 | Bash |
| 10:32 | Mortar Team |
| 10:36 | Improved Masonry |
| 10:36 | Advanced Masonry |
| 11:08 | Mortar Team |
| 11:17 | Tome of Retraining |
| 11:17 | Retrain Hero |
| 11:19 | Blizzard |
| 11:19 | Blizzard |
| 11:20 | Brilliance Aura |
| 11:39 | Brilliance Aura |
| 11:45 | Potion of Lesser Invulnerability |
| 11:49 | Scroll of Healing |
| 12:18 | Peasant |
| 12:19 | Peasant |
| 12:19 | Peasant |
| 12:21 | Fragmentation Shards |
| 12:23 | Flare |
| 14:40 | Mortar Team |
| 14:41 | Peasant |
| 14:41 | Peasant |
| 15:14 | Mortar Team |
| 15:28 | Scout Tower |
| 15:44 | Scout Tower |
| 15:53 | Refined Gunpowder |
| 16:36 | Mortar Team |
| 16:38 | Farm |
| 16:39 | Guard Tower |
| 17:10 | Rifleman |
| 19:12 | Storm Bolt |
| 19:18 | Peasant |
| 19:19 | Peasant |
| 20:08 | Blizzard |
| 20:44 | Mortar Team |
| 22:18 | Town Hall |
| 22:26 | Scout Tower |
| 22:28 | Scout Tower |
| 22:30 | Scroll of Healing |
| 22:31 | Potion of Lesser Invulnerability |
| 22:37 | Scout Tower |
| 22:39 | Scout Tower |
| 22:42 | Imbued Masonry |
| 22:56 | Guard Tower |
| 22:59 | Guard Tower |
| 23:03 | Guard Tower |
| 23:05 | Scout Tower |
| 23:07 | Guard Tower |
| 23:22 | Mortar Team |
| 23:39 | Guard Tower |
| 23:40 | Scout Tower |
| 23:42 | Scout Tower |
| 24:00 | Studded Leather Armor |
| 24:03 | Mortar Team |
| 26:58 | Flak Cannons |
| 26:59 | Flying Machine |
| 27:10 | Guard Tower |
| 28:19 | Scout Tower |
| 28:20 | Scout Tower |
| 28:21 | Scout Tower |
| 28:45 | Town Hall |
| 28:50 | Guard Tower |
| 28:51 | Scout Tower |
| 28:53 | Scout Tower |
| 29:14 | Guard Tower |
| 29:22 | Guard Tower |
| 29:25 | Scroll of Healing |
| 29:26 | Potion of Lesser Invulnerability |
| 29:29 | Scroll of Town Portal |
| 29:29 | Scroll of Town Portal |
| 30:11 | Magic Sentry |
| 30:12 | Scout Tower |
| 30:14 | Scout Tower |
| 30:28 | Flying Machine |
| 30:29 | Flying Machine |
| 31:29 | Flying Machine |
| 31:29 | Flying Machine |
| 31:29 | Flying Machine |
| 31:36 | Peasant |
| 31:36 | Peasant |
| 31:36 | Peasant |
| 31:37 | Peasant |
| 32:12 | Flying Machine |
| 33:42 | Flying Machine |
| 33:43 | Flying Machine |
| 33:43 | Flying Machine |
| 34:04 | Peasant |
| 34:05 | Peasant |
| 34:10 | Flying Machine |
| 35:39 | Flying Machine |
| 35:44 | Reinforced Leather Armor |
| 35:44 | Dragonhide Armor |
| 35:46 | Imbued Gunpowder |
| 35:47 | Iron Plating |
| 36:18 | Guard Tower |
| 37:41 | Scroll of Town Portal |
| 37:41 | Scroll of Healing |
| 37:42 | Potion of Lesser Invulnerability |
| 37:47 | Scroll of Healing |
| 37:52 | Circlet of Nobility |
| 37:53 | Boots of Speed |
| 38:01 | Flying Machine |
| 38:01 | Flying Machine |
| 38:02 | Flying Machine |
| 38:04 | Flying Machine Bombs |
| 38:53 | Bash |
| 38:53 | Bash |
| Right click | 1760 |
| Select | 1046 |
| Select group | 703 |
| Misc. action | 553 |
| Build/train/purchase | 238 |
| Assign group | 198 |
| Use ability | 124 |
| Minimap ping | 45 |
| Esc | 11 |
| Resource trade | 11 |
| Item give/drop | 2 |



| Orb of Lightning | 2 | 750 |
| Scroll of Town Portal | 2 | 700 |
| total: | 4 | 1450g |
| Peon | 30 | 2250 | / | 0 |
| Kodo Beast | 1 | 255 | / | 60 |
| Wind Rider | 10 | 2650 | / | 400 |
| Troll Batrider | 11 | 1760 | / | 440 |
| total: | 52 | 6915g | / | 900w |
| Watch Tower | 39 | 4290 | / | 3120 |
| Altar of Storms | 1 | 180 | / | 50 |
| Orc Burrow | 7 | 1120 | / | 280 |
| Voodoo Lounge | 1 | 130 | / | 30 |
| War Mill | 1 | 205 | / | 0 |
| Great Hall | 5 | 1925 | / | 925 |
| Barracks | 2 | 360 | / | 100 |
| Beastiary | 4 | 580 | / | 560 |
| Spirit Lodge | 1 | 150 | / | 150 |
| Stronghold | 1 | 315 | / | 190 |
| Fortress | 1 | 325 | / | 190 |
| total: | 61 | 8940g | / | 5215w |
| 0:08 | Peon |
| 0:08 | Peon |
| 0:09 | Peon |
| 0:20 | Altar of Storms |
| 0:31 | Orc Burrow |
| 0:44 | Peon |
| 1:00 | Voodoo Lounge |
| 1:02 | Peon |
| 1:03 | Peon |
| 1:30 | Orc Burrow |
| 1:32 | Peon |
| 1:51 | Peon |
| 1:52 | Peon |
| 2:04 | War Mill |
| 2:26 | Wind Walk |
| 2:43 | Peon |
| 2:44 | Peon |
| 3:14 | Stronghold |
| 3:23 | Watch Tower |
| 4:03 | Orc Burrow |
| 4:08 | Watch Tower |
| 5:02 | Critical Strike |
| 5:09 | Orc Burrow |
| 5:21 | Watch Tower |
| 5:27 | Watch Tower |
| 5:54 | Fortress |
| 6:01 | Beastiary |
| 6:05 | Beastiary |
| 6:20 | Spirit Lodge |
| 7:18 | Beastiary |
| 7:23 | Kodo Beast |
| 7:25 | Wind Rider |
| 7:29 | Wind Rider |
| 7:40 | Orc Burrow |
| 8:13 | Critical Strike |
| 8:58 | Breath of Fire |
| 9:26 | Great Hall |
| 9:39 | Orb of Lightning |
| 9:41 | Scroll of Town Portal |
| 10:28 | Wind Rider |
| 12:14 | Drunken Haze |
| 12:40 | Wind Rider |
| 12:41 | Envenomed Spears |
| 12:49 | Orc Burrow |
| 12:52 | Orc Burrow |
| 12:58 | Watch Tower |
| 13:03 | Watch Tower |
| 13:17 | Endurance Aura |
| 13:28 | Great Hall |
| 14:13 | Watch Tower |
| 14:26 | Great Hall |
| 16:53 | Critical Strike |
| 16:54 | Wind Walk |
| 17:56 | Breath of Fire |
| 18:02 | Troll Batrider |
| 18:02 | Troll Batrider |
| 18:05 | Troll Batrider |
| 18:08 | Peon |
| 18:08 | Peon |
| 18:08 | Peon |
| 18:16 | Watch Tower |
| 18:17 | Peon |
| 18:18 | Peon |
| 18:18 | Peon |
| 18:18 | Peon |
| 18:18 | Peon |
| 18:33 | Troll Batrider |
| 19:16 | Beastiary |
| 19:24 | Peon |
| 19:28 | Watch Tower |
| 19:34 | Watch Tower |
| 19:38 | Watch Tower |
| 19:41 | Watch Tower |
| 19:44 | Watch Tower |
| 19:49 | Orb of Lightning |
| 20:06 | Troll Batrider |
| 20:06 | Troll Batrider |
| 20:34 | Shockwave |
| 20:46 | Reinforced Defenses |
| 20:50 | Peon |
| 20:50 | Peon |
| 20:50 | Peon |
| 20:51 | Peon |
| 20:51 | Peon |
| 20:54 | Peon |
| 20:54 | Peon |
| 20:55 | Peon |
| 20:55 | Peon |
| 20:55 | Peon |
| 21:58 | Watch Tower |
| 22:01 | Watch Tower |
| 22:08 | Watch Tower |
| 22:20 | Watch Tower |
| 22:22 | Watch Tower |
| 22:24 | Watch Tower |
| 23:37 | Watch Tower |
| 23:40 | Watch Tower |
| 23:41 | Watch Tower |
| 23:42 | Watch Tower |
| 23:43 | Watch Tower |
| 23:45 | Watch Tower |
| 23:46 | Watch Tower |
| 23:53 | Troll Batrider |
| 24:04 | Spiked Barricades |
| 25:44 | Troll Batrider |
| 25:45 | Troll Batrider |
| 25:47 | Liquid Fire |
| 25:48 | Troll Batrider |
| 25:49 | Troll Batrider |
| 26:14 | Drunken Haze |
| 27:19 | Great Hall |
| 27:31 | Watch Tower |
| 28:36 | Watch Tower |
| 28:38 | Watch Tower |
| 28:42 | Watch Tower |
| 28:44 | Watch Tower |
| 28:53 | Barracks |
| 29:00 | Barracks |
| 29:36 | Watch Tower |
| 29:39 | Watch Tower |
| 30:02 | Watch Tower |
| 30:04 | Watch Tower |
| 30:07 | Watch Tower |
| 31:43 | Great Hall |
| 31:47 | Watch Tower |
| 31:52 | Watch Tower |
| 33:32 | Wind Rider |
| 33:32 | Wind Rider |
| 33:38 | Scroll of Town Portal |
| 34:10 | Bladestorm |
| 34:47 | Wind Rider |
| 34:49 | Wind Rider |
| 35:55 | Wind Rider |
| 36:25 | Watch Tower |
| 37:56 | Wind Rider |
| Right click | 1049 |
| Select | 431 |
| Select group | 233 |
| Build/train/purchase | 124 |
| Use ability | 58 |
| Assign group | 24 |
| Minimap ping | 23 |
| Misc. action | 3 |
| Item give/drop | 1 |
| Remove unit | 1 |
| Esc | 1 |


| Wisp | 32 | 1920 | / | 0 |
| Archer | 15 | 1950 | / | 150 |
| Huntress | 1 | 195 | / | 20 |
| Dryad | 7 | 1015 | / | 420 |
| Hippogryph | 24 | 3840 | / | 480 |
| Glaive Thrower | 2 | 420 | / | 130 |
| Chimaera | 12 | 3960 | / | 840 |
| total: | 93 | 13300g | / | 2040w |
| Ancient Protector | 7 | 945 | / | 560 |
| Altar of Elders | 1 | 180 | / | 50 |
| Moon Well | 6 | 1080 | / | 240 |
| Ancient of War | 1 | 150 | / | 60 |
| Hunter's Hall | 1 | 210 | / | 100 |
| Tree of Life | 2 | 680 | / | 370 |
| Ancient of Lore | 2 | 310 | / | 290 |
| Ancient of Wind | 1 | 150 | / | 140 |
| Chimaera Roost | 1 | 140 | / | 190 |
| Tree of Ages | 1 | 320 | / | 180 |
| Tree of Eternity | 1 | 330 | / | 200 |
| total: | 22 | 3845g | / | 2000w |
| 0:06 | Wisp |
| 0:06 | Wisp |
| 0:07 | Wisp |
| 0:07 | Wisp |
| 0:07 | Wisp |
| 0:07 | Wisp |
| 0:07 | Wisp |
| 0:22 | Altar of Elders |
| 0:47 | Moon Well |
| 0:58 | Ancient of War |
| 1:10 | Wisp |
| 1:14 | Wisp |
| 1:23 | Wisp |
| 1:49 | Moon Well |
| 2:02 | Archer |
| 2:03 | Archer |
| 2:23 | Moon Well |
| 2:34 | Archer |
| 2:43 | Moon Well |
| 2:53 | Trueshot Aura |
| 3:28 | Archer |
| 3:29 | Archer |
| 3:29 | Archer |
| 3:29 | Archer |
| 4:13 | Hunter's Hall |
| 5:12 | Tree of Ages |
| 5:20 | Ancient Protector |
| 5:26 | Moon Well |
| 5:28 | Archer |
| 5:28 | Archer |
| 5:28 | Archer |
| 5:49 | Scout |
| 6:26 | Ancient Protector |
| 6:30 | Huntress |
| 7:41 | Ancient of Lore |
| 7:49 | Tree of Life |
| 8:12 | Trueshot Aura |
| 8:27 | Reinforced Hides |
| 8:28 | Strength of the Wild |
| 8:34 | Ancient of Lore |
| 8:38 | Wisp |
| 8:39 | Wisp |
| 8:39 | Wisp |
| 8:39 | Wisp |
| 8:39 | Wisp |
| 8:39 | Wisp |
| 8:40 | Wisp |
| 8:40 | Wisp |
| 9:12 | Ancient of Wind |
| 9:59 | Entangling Roots |
| 10:07 | Abolish Magic |
| 10:07 | Dryad |
| 10:08 | Dryad |
| 10:08 | Dryad |
| 10:08 | Dryad |
| 10:22 | Hippogryph |
| 10:23 | Hippogryph |
| 10:23 | Hippogryph |
| 10:23 | Hippogryph |
| 10:36 | Wisp |
| 10:37 | Wisp |
| 10:37 | Wisp |
| 10:39 | Wisp |
| 10:39 | Wisp |
| 11:11 | Wisp |
| 11:11 | Wisp |
| 11:12 | Wisp |
| 11:15 | Wisp |
| 11:17 | Wisp |
| 11:34 | Dryad |
| 11:35 | Dryad |
| 11:35 | Dryad |
| 12:05 | Tree of Eternity |
| 12:08 | Strength of the Moon |
| 12:31 | Ancient Protector |
| 12:38 | Ancient Protector |
| 13:51 | Hippogryph |
| 13:51 | Hippogryph |
| 13:51 | Hippogryph |
| 13:52 | Hippogryph |
| 13:52 | Hippogryph |
| 13:52 | Hippogryph |
| 13:52 | Hippogryph |
| 14:12 | Glaive Thrower |
| 14:13 | Vorpal Blades |
| 15:16 | Glaive Thrower |
| 15:17 | Marksmanship |
| 15:18 | Improved Bows |
| 17:01 | Nature's Blessing |
| 17:12 | Chimaera Roost |
| 19:07 | Tree of Life |
| 19:14 | Corrosive Breath |
| 19:14 | Chimaera |
| 19:15 | Chimaera |
| 19:15 | Chimaera |
| 19:15 | Chimaera |
| 19:15 | Chimaera |
| 19:19 | Hippogryph |
| 19:19 | Hippogryph |
| 19:20 | Hippogryph |
| 19:20 | Hippogryph |
| 19:20 | Hippogryph |
| 19:20 | Hippogryph |
| 19:22 | Improved Strength of the Wild |
| 19:22 | Improved Reinforced Hides |
| 19:24 | Ultravision |
| 19:45 | Ancient Protector |
| 20:02 | Ancient Protector |
| 20:06 | Ancient Protector |
| 20:47 | Hippogryph |
| 20:50 | Archer |
| 20:50 | Archer |
| 20:50 | Archer |
| 20:51 | Archer |
| 20:51 | Archer |
| 21:37 | Moon Well |
| 25:30 | Searing Arrows |
| 25:46 | Thorns Aura |
| 25:46 | Thorns Aura |
| 26:25 | Chimaera |
| 26:26 | Chimaera |
| 26:26 | Chimaera |
| 26:26 | Chimaera |
| 26:26 | Chimaera |
| 26:26 | Chimaera |
| 26:27 | Chimaera |
| 27:14 | Wisp |
| 27:15 | Wisp |
| 27:15 | Wisp |
| 27:15 | Wisp |
| 29:26 | Hippogryph |
| 29:26 | Hippogryph |
| 29:26 | Hippogryph |
| 29:26 | Hippogryph |
| 29:27 | Hippogryph |
| 29:27 | Hippogryph |
| Right click | 704 |
| Select | 252 |
| Build/train/purchase | 131 |
| Select group | 24 |
| Assign group | 13 |
| Remove unit | 13 |
| Use ability | 12 |
| Item give/drop | 1 |